 Dungeon Crawl Stone Soup version 0.25-a0-424-g80bd347ae0 (webtiles) character file.

Game seed: 11130532247522529087, levelgen mode: deterministic

44 hittemvvvvhard the Shooter (level 3, 0/21 HPs)
             Began as a Tengu Hunter on Jan 22, 2020.
             Succumbed to an adder's poison
             ... on level 2 of the Dungeon.
             The game lasted 00:03:22 (1186 turns).

hittemvvvvhard the Shooter (Tengu Hunter)           Turns: 1186, Time: 00:03:22

Health: 0/21       AC:  6    Str: 12    XL:     3   Next: 60%
Magic:  4/4        EV: 16    Int: 11    God:
Gold:   89         SH:  0    Dex: 20    Spells: 2/2 levels left

rFire    . . .     SeeInvis .   a - +1 shortbow
rCold    . . .     Gourm    .   (shield currently unavailable)
rNeg     . . .     Faith    .   q - +1 ring mail
rPois    .         Spirit   .   (helmet restricted)
rElec    .         Reflect  .   (no cloak)
rCorr    .         Harm     .   (no gloves)
MR       .....     Rnd*Tele +   (boots unavailable)
Stlth    ++........             (no amulet)
HPRegen  0.07/turn              l - ring of teleportation (curse)
MPRegen  0.09/turn              (no ring)

@: agile, lethally poisoned (0 -> -7)
A: antennae 1, beak, talons 3, MP-powered wands
a: no special abilities


You were on level 2 of the Dungeon.
You were not hungry.

You visited 1 branch of the dungeon, and saw 2 of its levels.

You collected 89 gold pieces.

Inventory:

Hand Weapons
 a - a +1 shortbow (weapon)
 b - a +0 short sword
Missiles
 d - 11 poisoned darts
 e - 40 stones
 Q - 24 arrows (quivered)
Armour
 h - a +0 chain mail
 q - a +1 ring mail (worn)
Jewellery
 l - a cursed ring of teleportation (left hand)
Potions
 g - a potion of agility
Comestibles
 f - 3 rations


   Skills:
 - Level 2.0 Fighting
 + Level 5.8 Bows
 - Level 2.1 Dodging
 - Level 1.0 Stealth


You had 2 spell levels left.
You didn't know any spells.
Your spell library was empty.

Dungeon Overview and Level Annotations

Branches:
Dungeon (2/15)

Altars:


Innate Abilities, Weirdness & Mutations

You have a beak for a mouth.
You have claws for feet.
You have a pair of small antennae on your head.
You expend magic power (3 MP) to strengthen your wands.


Message History

You kill the adder!
* * * LOW HITPOINT WARNING * * *
You feel sick.
You take 1 damage, and have 2/21 hp.
Firing (i - inventory. (/) - cycle)
Q - 25 arrows (quivered)
Aim: a goblin, wielding a +0 dagger You shoot an arrow.
The arrow hits the goblin.
You kill the goblin!
Unknown command.
Unknown command.
Really quaff
k - a potion of mutation {!q}?
Really quaff the potion of mutation?
You feel extremely strange. The antennae on your head shrink away.
You feel stupid.
You no longer feel heat resistant.
A pair of antennae grows on your head!
You feel your magical essence link to the dungeon's wands.
* * * LOW HITPOINT WARNING * * *
You feel sick.
You take 1 damage, and have 1/21 hp.
You die...

#.. #.# #.. ### #####
#### #.#.#(#.## #...
......)..# #.##
##+##@#### #####.##
#...#....# ##.......
+...'.##.#####...##.##
#...#..#.........##[##
#.##+##.#..#####...##...
.........#.# #########
#.#.#.#.##.# #
#....<...# #
..........##

Skill      XL: |  1  2 |
---------------+-------+-----
Bows           | 5 |  5.8
Fighting       | |  2.0
Dodging        | |  2.1
Stealth        | |  1.0

Notes
Turn   | Place    | Note
-------+----------+-------------------------------------------
     0 | D:1      | hittemvvvvhard the Tengu Hunter began the quest for the
                  | Orb.
     0 | D:1      | Reached XP level 1. HP: 12/12 MP: 2/2
   330 | D:1      | Reached XP level 2. HP: 17/17 MP: 3/3
   494 | D:1      | Reached skill level 5 in Bows
   776 | D:1      | Reached XP level 3. HP: 21/21 MP: 4/4
  1179 | D:2      | Gained mutation: Your mind is acute. (Int +2) [potion of
                  | mutation]
  1179 | D:2      | Gained mutation: You have a pair of small antennae on your
                  | head. [potion of mutation]
  1179 | D:2      | Gained mutation: Your flesh is heat resistant. (rF+)
                  | [potion of mutation]
  1179 | D:2      | HP: 5/21 [poisoned by an adder]
  1183 | D:2      | HP: 2/21 [poisoned by an adder]
  1185 | D:2      | Lost mutation: You have a pair of small antennae on your
                  | head. [potion of mutation]
  1185 | D:2      | Lost mutation: Your mind is acute. (Int +2) [potion of
                  | mutation]
  1185 | D:2      | Lost mutation: Your flesh is heat resistant. (rF+) [potion
                  | of mutation]
  1185 | D:2      | Gained mutation: You have a pair of small antennae on your
                  | head. [potion of mutation]
  1185 | D:2      | Gained mutation: You expend magic power (3 MP) to
                  | strengthen your wands. [potion of mutation]
  1186 | D:2      | Succumbed to an adder's poison

Table legend:
 A = Turns spent in this place as a percentage of turns spent in the entire game.
 B = Non-inter-level travel turns spent in this place as a percentage of non-inter-level travel turns spent in the entire game.
 C = Inter-level travel turns spent in this place as a percentage of turns spent in this place.
 D = Turns resting spent in this place as a percentage of non-inter-level travel turns spent in this place.
 E = Turns spent auto-exploring this place as a percentage of non-inter-level travel turns spent in this place.
 F = Non-inter-level travel turns spent in this place divided by the number of levels of this place that you've seen.
                   A       B       C       D       E      F
               +-------+-------+-------+-------+-------+----------------------
         Total | 100.0 | 100.0 |   5.6 |   0.0 |  80.8 | 559.5
       Dungeon | 100.0 | 100.0 |   5.6 |   0.0 |  80.8 | 559.5
               +-------+-------+-------+-------+-------+----------------------

Table legend:
 A = Kills in this place as a percentage of kills in entire the game.
 B = Kills by you in this place as a percentage of kills by you in the entire game.
 C = Kills by friends in this place as a percentage of kills by friends in the entire game.
 D = Other kills in this place as a percentage of other kills in the entire game.
 E = Experience gained in this place as a percentage of experience gained in the entire game.
 F = Experience gained in this place divided by the number of levels of this place that you have seen.
                   A       B       C       D       E      F
               +-------+-------+-------+-------+-------+----------------------
         Total | 100.0 | 100.0 |   N/A |   N/A | 100.0 |  31.5
       Dungeon | 100.0 | 100.0 |   N/A |   N/A | 100.0 |  31.5
               +-------+-------+-------+-------+-------+----------------------

Action                   || total
-------------------------++-------
Melee: Short sword       ||     7
       Kick              ||     2
 Fire: Shortbow          ||    82
  Use: Scroll            ||     7
       Potion            ||     4
  Eat: Chunk             ||     1
Armor: Leather armour    ||     9
       Ring mail         ||     8
Dodge: Dodged            ||    18

Vanquished Creatures
  An adder (D:2)
  An ooze (D:1)
  A leopard gecko (D:1)
  A ball python (D:2)
  3 goblins
  3 hobgoblins (D:1)
  3 jackals (D:1)
  5 kobolds
  A quokka (D:2)
  3 bats
  5 frilled lizards
  2 rats (D:1)
29 creatures vanquished. There were no monsters in sight!

Levels and vault maps discovered:
D:1:      dpeg_arrival_snail, layout_basic, serial_bayou_crossing
D:2:      layout_loops_cross, minmay_misc_feat_doors
